AoeStats
← JoseRegens

Four Lakes

509195819Analyzed
1v1 RM · 7d ago on Sep 25, 2026· 49m 51s· 2 players
Game mode
Random Map
Map size
Tiny (2 player)
Population
200
Speed
Normal
Resources
Standard
Victory
Conquest
Starting age
Dark Age
Ending age
Imperial Age
RankedLock teamsTeams togetherTeam positionsShared explorationLock speedFull tech treeHidden civsTurbo modeCheats
Victory
Defeat
🇺🇸 Bulgarians · United States
547
+18
🇳🇱 Vikings · Netherlands
596
-18
JoseRegens
0:53 Loom
10:38 Feudal Age
12:07 Double-Bit Axe
18:35 Forging
22:26 Castle Age
20:36 Horse Collar
20:39 Fishing Lines
21:05 Scale Mail Armor
21:24 Stone Mining
30:43 Wheelbarrow
30:00 Gillnets
30:38 Town Watch
31:35 Scale Barding Armor
32:06 Iron Casting
33:43 Chain Barding Armor
33:33 Gold Mining
36:04 Hand Cart
36:11 Hand Cart
45:30 Ballistics
45:09 Murder Holes
51:26 Imperial Age
Aztes
8:45 Loom
12:34 Feudal Age
13:11 Double-Bit Axe
13:10 Horse Collar
21:35 Scale Barding Armor
21:41 Forging
24:12 Castle Age
29:34 Iron Casting
34:27 Chain Barding Armor
42:58 Heavy Plow
47:48 Town Watch
Connection lost

Rejoining the realm…

Still unreachable

The connection could not be restored.

Session expired

The server has moved on; the page needs a fresh start.